cohdb
Replays
Latest Replays
All Replays
Popular Replays
Top Player Replays
Match Explorer
How It Works
Community
CoH3 Stats
Reddit
Sign in to upload your games and track your stats! →
Sign in with Steam
Match 44004909
Unlisted
Match 44004909
Overview
Messages
Build Orders
End
Pioneer Squad
Construct Infanterie Kompanie
Pioneer Squad
MG 42 Machine Gun Team
Grenadier Squad
GrW 34 Mortar Team
Grenadier Squad
Infanterie Officer Quarters
Grenadier Squad
Construct Luftwaffe Kompanie
Support Elements
Wirbelwind Flakpanzer
Flak 30 Anti-aircraft Gun Team
Marder III M Tank Destroyer
Marder III M Tank Destroyer
Luftwaffe Officer Quarters
Medical Station
Jäger Squad
Wirbelwind Flakpanzer
Selects Breakthrough Battlegroup
Selects Assault Grenadiers
Selects Rapid Production
Selects Blitzkrieg
MG 42 Machine Gun Team
Selects Tiger Heavy Tank
Tiger Heavy Tank
Pioneer Squad
Selects Breakthrough
Pioneer Squad
Selects Incendiary Bombing Run
Jäger Squad
MG 42 Machine Gun Team
Incendiary Bombing Run
Pioneer Squad
Grenadier Squad
Marder III M Tank Destroyer
Marder III M Tank Destroyer
Jopjahh
Manfred Von Blubberhofen
Skullclown
GreyGreyWater
bjornagain1963
[VN]Valkyrie
0
0
Comments
sign in to comment!
No comments posted yet!